 Dungeon Crawl Stone Soup version 0.25-a0-517-gf8b3a32422 (webtiles) character file.

Game seed: 4867466403477288324, levelgen mode: deterministic

681 night the Spear-Bearer (level 7, -5/56 HPs)
             Began as a Merfolk Gladiator on Feb 17, 2020.
             Slain by a two-headed ogre
             ... wielding a +0 giant club
              (20 damage)
             ... on level 3 of the Dungeon.
             The game lasted 00:06:50 (3538 turns).

night the Spear-Bearer (Merfolk Gladiator)          Turns: 3538, Time: 00:06:51

Health: -5/56      AC:  7    Str: 15    XL:     7   Next: 61%
Magic:  7/7        EV: 11    Int:  8    God:
Gold:   148        SH:  0    Dex: 16    Spells: 6/6 levels left

rFire    . . .     SeeInvis .   n - +3 spear (freeze)
rCold    . . .     Gourm    .   (no shield)
rNeg     . . .     Faith    .   e - +0 scale mail
rPois    .         Spirit   .   c - +0 helmet
rElec    .         Reflect  .   (no cloak)
rCorr    .         Harm     .   (no gloves)
MR       .....                  (no boots)
Stlth    ..........             (no amulet)
HPRegen  0.18/turn              (no ring)
MPRegen  0.10/turn              (no ring)

@: no status effects
A: change form in water, swift swim, stealthy swim
a: no special abilities


You were on level 3 of the Dungeon.
You were not hungry.

You visited 1 branch of the dungeon, and saw 3 of its levels.
You also visited: Sewer.

You collected 148 gold pieces.

Inventory:

Hand Weapons
 a - a +0 trident
 n - a +3 spear of freezing (weapon)
Missiles
 d - a throwing net (quivered)
Armour
 b - a +0 leather armour
 c - a +0 helmet (worn)
 e - a +0 scale mail (worn)
Scrolls
 h - a scroll of remove curse
 i - a scroll of enchant armour {unknown}
 k - a scroll of enchant weapon
 s - a scroll of teleportation {unknown}
 t - a scroll of blinking {unknown}
 w - a scroll of magic mapping {unknown}
Potions
 g - 3 potions of berserk rage {unknown}
 j - a potion of flight {unknown}
 l - a potion of invisibility {unknown}
 m - a potion of resistance {unknown}
 o - 4 potions of heal wounds {unknown}
 q - a potion of mutation {unknown}
 r - a potion of ambrosia {unknown}
 u - a potion of degeneration {unknown}
 v - a potion of haste {unknown}
Comestibles
 f - 5 rations


   Skills:
 + Level 5.4 Fighting
 * Level 10.4 Polearms
 - Level 2.0 Throwing
 - Level 4.0 Dodging


You had 6 spell levels left.
You didn't know any spells.
Your spell library was empty.

Dungeon Overview and Level Annotations

Branches:
Dungeon (3/15)              Sewer (visited)

Altars:
Cheibriados


Message History

The two-headed ogre hits you with a +0 giant club!!
The two-headed ogre hits you with a cursed -2 giant spiked club!
* * * LOW HITPOINT WARNING * * *
You are too injured to fight recklessly!
You are too injured to fight recklessly!
Fire/throw which item? (* to show all) (? for menu, Esc to quit)
Throwing (i - inventory)
d - 3 throwing nets (quivered)
Press: ? - help, Shift-Dir - straight line, f/p - two-headed ogre
Aim: a two-headed ogre, wielding a +0 giant club and a -2 giant spiked club (lightly wounded)
You throw a throwing net.
The throwing net barely misses the two-headed ogre.
Fire/throw which item? (* to show all) (? for menu, Esc to quit)
Throwing (i - inventory)
d - 2 throwing nets (quivered)
Press: ? - help, Shift-Dir - straight line, f/p - two-headed ogre
Aim: a two-headed ogre, wielding a +0 giant club and a -2 giant spiked club (lightly wounded)
You throw a throwing net.
The throwing net closely misses the two-headed ogre.
The two-headed ogre barely misses you.
The two-headed ogre hits you with a cursed -2 giant spiked club!!
You die...

#.#[# #.....# #..#......#
..#)# #.....# ##.###'####
.##.# ####### #.....# .##.#
##.....####### .##.#
#(...........# .##.#########
#.#....#####.# .##.........#
#.#..#.# #.# .##########.#
#O##.#.# #.#
.##########.####@##.#.#####.#
...........[..............#.#
.##########.####.#....###.#.#
.# #.# #.#....# #>#.# .# #.#
#.#....# #.#.# .# #.#
#.##...# #.#.# .# #.#
#.###..# #.#.##### .# #.# #.#
#..# #.#...... .# #.####.#
#..# #.#######


You could see a two-headed ogre.

Vanquished Creatures
  5 big kobolds (Sewer)
  2 orc priests (D:3)
  Terence (D:2)
  An orc wizard (D:3)
  A gnoll (D:1)
  4 adders
  5 river rats
  6 oozes
  6 worms
  2 leopard geckos
  7 orcs (D:3)
  7 goblins
  11 hobgoblins
  A jackal (D:1)
  11 kobolds
  A quokka (D:2)
  5 ball pythons
  7 bats
  4 frilled lizards
  11 rats
98 creatures vanquished.

Vanquished Creatures (others)
  2 orc wizards (D:3)
  An orc (D:3)
3 creatures vanquished.

Grand Total: 101 creatures vanquished

Notes
Turn   | Place    | Note
-------+----------+-------------------------------------------
     0 | D:1      | night the Merfolk Gladiator began the quest for the Orb.
     0 | D:1      | Reached XP level 1. HP: 16/16 MP: 1/1
   127 | D:1      | Reached XP level 2. HP: 23/23 MP: 2/2
   131 | D:1      | Reached skill level 5 in Polearms
   537 | D:1      | Reached XP level 3. HP: 27/28 MP: 3/3
   725 | D:1      | Reached skill level 6 in Polearms
  1110 | D:2      | Noticed Terence
  1125 | D:2      | Killed Terence
  1125 | D:2      | Reached XP level 4. HP: 32/35 MP: 4/4
  1777 | D:3      | Reached skill level 7 in Polearms
  1834 | D:3      | Reached XP level 5. HP: 26/41 MP: 5/5
  1850 | D:3      | Noticed a two-headed ogre
  2178 | D:3      | Found a glowing drain.
  2182 | Sewer    | Entered a sewer
  2201 | Sewer    | Noticed a big kobold
  2221 | Sewer    | Killed a big kobold
  2221 | Sewer    | Reached skill level 8 in Polearms
  2221 | Sewer    | Reached XP level 6. HP: 48/48 MP: 6/6
  2335 | Sewer    | Reached skill level 9 in Polearms
  2547 | Sewer    | Reached skill level 5 in Fighting
  2547 | Sewer    | Reached XP level 7. HP: 56/56 MP: 7/7
  2733 | Sewer    | Reached skill level 10 in Polearms
  3125 | D:3      | Found a snail-covered altar of Cheibriados.
  3538 | D:3      | Slain by a two-headed ogre

Levels and vault maps discovered:
D:1:      heliophobic_arrival_ceremonial_halls, layout_loops_ring, st_stairs_2,
          minmay_ruptured
D:2:      layout_basic, first_ration, minmay_misc_feat_diagonals,
          minmay_misc_feat_columns, uniq_terence
D:3:      layout_basic, gup_sewer_entry_bowl, cheibriados_altar_1

Skill      XL: |  1  2  3  4  5  6  7 |
---------------+----------------------+-----
Polearms       | 5 6 7 8 9 10 | 10.4
Fighting       | 3 4 5 |  5.4
Throwing       | |  2.0
Dodging        | |  4.0

Action                   |  1- 3 |  4- 6 |  7- 9 || total
-------------------------+-------+-------+-------++-------
Melee: Trident           |    83 |       |       ||    83
       Spear             |    31 |   154 |    95 ||   280
       War axe           |     7 |       |       ||     7
       Tailslap          |       |     4 |     3 ||     7
Throw: Throwing net      |       |       |     2 ||     2
Evoke: Wand              |       |     4 |       ||     4
  Use: Scroll            |     1 |     2 |       ||     3
 Stab: Sleeping          |     1 |       |       ||     1
  Eat: Chunk             |     1 |     4 |     3 ||     8
Armor: Leather armour    |     3 |       |       ||     3
       Scale mail        |    25 |    26 |    13 ||    64
Dodge: Dodged            |    75 |    35 |    17 ||   127

Table legend:
 A = Non-vault XP
 B = Vault XP
 C = Vault XP percentage of total XP
 D = Non-vault monster count
 E = Vault monster count
 F = Vault count percentage of total count
                 A         B        C        D         E       F
            +---------+---------+-------+---------+---------+-------
      Total |     299 |     675 |  69.3 |      60 |      40 |  40.0
            +---------+---------+-------+---------+---------+-------
        D:1 |      47 |      19 |  28.8 |      22 |       7 |  24.1
        D:2 |      36 |      38 |  51.4 |      14 |       1 |   6.7
        D:3 |     216 |      35 |  13.9 |      24 |       4 |  14.3
      Sewer |       0 |     583 | 100.0 |       0 |      28 | 100.0
            +---------+---------+-------+---------+---------+-------
